 Dungeon Crawl Stone Soup version 0.18-a0-1206-g2bec475 (webtiles) character file.

191 HrabiaVulpes the Conjurer (level 5, -3/38 HPs)
             Began as a Demigod Conjurer on Feb 1, 2016.
             Slain by a worm (9 damage)
             ... on level 3 of the Dungeon on Feb 2, 2016.
             The game lasted 00:17:56 (3573 turns).

HrabiaVulpes the Conjurer (Demigod Conjurer)        Turns: 3573, Time: 00:17:56

Health: -3/38      AC:  3    Str: 13    XL:     5   Next: 18%
Magic:  12/12      EV: 13    Int: 19    God:
Gold:   78         SH:  0    Dex: 16    Spells: 3 memorised, 4 levels left

rFire  . . .     SeeInvis .     e - +0 short sword
rCold  . . .     Gourm    .     f - +0 leather armour
rNeg   . . .     Faith    .     (no shield)
rPois  .         Spirit   .     (no helmet)
rElec  .         Dismiss  .     (no cloak)
rCorr  .         Reflect  .     (no gloves)
SustAt +         Harm     .     (no boots)
MR     .....                    (no amulet)
Stlth  ++........               (no ring)
                                (no ring)

@: not resistant to hostile enchantments, unstealthy
A: high mp 1, sustain attributes
a: no special abilities


You were on level 3 of the Dungeon.
You were not hungry.

You visited 1 branch of the dungeon, and saw 3 of its levels.

You collected 78 gold pieces.

Inventory:

Hand Weapons
 e - a +0 short sword (weapon)
Armour
 f - a +0 leather armour (worn)
 k - a +2 scale mail of fire resistance
 o - a +2 leather armour of fire resistance
Jewellery
 p - an uncursed amulet of dismissal {unknown}
Scrolls
 d - 4 scrolls of teleportation
Potions
 g - a potion of cure mutation {unknown}
 h - a potion of curing
 i - a potion of brilliance {unknown}
 j - a potion of flight {unknown}
 n - a potion of might {unknown}
Books
 b - a book of Conjurations

   Spells                             Type                      Level
   a - Magic Dart                     Conjuration                  1
   b - Searing Ray                    Conjuration                  2
   c - Dazzling Spray                 Conjuration/Hexes            3
   d - Fulminant Prism                Conjuration/Hexes            4
   e - Iskenderun's Mystic Blast      Conjuration                  4
   f - Iskenderun's Battlesphere      Conjuration/Charms           5
Comestibles
 a - 5 chunks of flesh
 c - 2 bread rations
 m - a beef jerky


   Skills:
 + Level 3.2 Dodging
 - Level 1.7 Stealth
 + Level 3.0 Spellcasting
 + Level 4.6 Conjurations


You had 4 spell levels left.
You knew the following spells:

 Your Spells              Type           Power        Failure   Level  Hunger
a - Magic Dart            Conj           ###.         3%          1    None
b - Searing Ray           Conj           ###...       6%          2    ##.....
c - Dazzling Spray        Conj/Hex       ##......     24%         3    ###....


Dungeon Overview and Level Annotations

Branches:
Dungeon (3/15)

Annotations:
D:3 HrabiaVulpes's ghost, amateur DEFE


Innate Abilities, Weirdness & Mutations

You have an increased reservoir of magic (+10% MP).
Your attributes are resistant to harm.


Message History

You hit HrabiaVulpes's ghost but do no damage.
HrabiaVulpes's ghost is lightly damaged.
HrabiaVulpes's ghost misses you.
You barely miss HrabiaVulpes's ghost.
HrabiaVulpes's ghost is lightly damaged.
The worm bites you! HrabiaVulpes's ghost hits you.
* * * LOW HITPOINT WARNING * * *
You barely miss HrabiaVulpes's ghost.
HrabiaVulpes's ghost is lightly damaged.
HrabiaVulpes's ghost hits you.
* * * LOW HITPOINT WARNING * * *
The worm closely misses you.
You hit HrabiaVulpes's ghost but do no damage.
HrabiaVulpes's ghost is lightly damaged.
HrabiaVulpes's ghost barely misses you.
You closely miss HrabiaVulpes's ghost.
HrabiaVulpes's ghost is lightly damaged.
HrabiaVulpes's ghost completely misses you.
The worm bites you!
You die...

.......# ##.)..###.#o........
.......# #...................
.......# #.#######.#.........
.......### #[# ....... .........#
#.# ..... ....(....#####.# ...
.#.[...........# #####.
.####....####..#############.....
.##............w@W.........#.....
.##.#....##.#.#########..#.#.....
.##.#....##.#.# #..#.#...##
.##.#....##.#.# #..#.##'##
(##.#.......#.# #..#.#..#
[##.#.#######.###### #..#.#..#
(##.#..............# #..#.#..#
.......######)####.# #..#.##.##
.......+....(..<.#.####..#.....#


You could see a worm and HrabiaVulpes's ghost.

Vanquished Creatures
  An orc wizard (D:3)
  Ijyb (D:2)
  3 adders
  2 worms
  5 giant geckos
  8 orcs (D:3)
  A ball python (D:2)
  A giant cockroach (D:3)
  12 goblins
  13 hobgoblins
  10 jackals
  8 kobolds
  3 quokkas
  6 bats
  A giant newt (D:3)
  6 rats
81 creatures vanquished.

Notes
Turn   | Place    | Note
--------------------------------------------------------------
     0 | D:1      | HrabiaVulpes the Demigod Conjurer began the quest for the Orb.
     0 | D:1      | Reached XP level 1. HP: 14/14 MP: 5/5
   273 | D:1      | Reached XP level 2. HP: 17/20 MP: 0/7
   773 | D:1      | Reached skill level 4 in Conjurations
   811 | D:1      | Reached XP level 3. HP: 24/26 MP: 0/9
  1542 | D:2      | Noticed Ijyb
  1598 | D:2      | Killed Ijyb
  1744 | D:2      | Reached XP level 4. HP: 33/33 MP: 2/10
  1997 | D:2      | Found a bloodstained altar of Trog.
  2536 | D:2      | Found a shimmering altar of Xom.
  2536 | D:2      | Found a shattered altar of Ashenzari.
  3150 | D:3      | Reached XP level 5. HP: 32/38 MP: 0/12
  3247 | D:3      | Upgraded the game from 0.18-a0-1203-gbde16db to 0.18-a0-1206-g2bec475
  3269 | D:3      | Learned a level 2 spell: Searing Ray
  3275 | D:3      | Learned a level 3 spell: Dazzling Spray
  3528 | D:3      | Noticed HrabiaVulpes's ghost (amateur DEFE)
  3573 | D:3      | Slain by a worm

Vault maps used:
D:1:      minmay_arrival_open_corners
D:2:      lemuel_doored_altar, gammafunk_temple_overflow_elements, first_bread,
          uniq_iyjb
D:3:      gammafunk_temple_overflow_pools

Action                   |  1- 3 |  4- 6 || total
-------------------------+-------+-------++-------
Melee: Short sword       |    43 |    22 ||    65
 Cast: Magic Dart        |    91 |   116 ||   207
  Use: Scroll            |     3 |     2 ||     5
       Potion            |     1 |       ||     1
  Eat: Chunk             |     3 |     6 ||     9
